 Dungeon Sprint DCSS version 0.24-a0-446-g87df7205b4 (webtiles) character file.

Game seed: 2677759675423710983

5024 Conn the Thaumaturge (level 10, -4/50 HPs)
             Began as a Deep Elf Fire Elementalist on June 24, 2019.
             Was the Champion of Vehumet.
             Killed from afar by a deep elf mage (16 damage)
             ... with a bolt of fire
             ... in the Dungeon (Sprint V: "Ziggurat Sprint").
             The game lasted 00:14:27 (784 turns).

Conn the Thaumaturge (Deep Elf Fire Elementalist)    Turns: 784, Time: 00:14:28

Health: -4/50      AC:  7    Str:  5    XL:     10   Next: 30%
Magic:  16/30      EV: 18    Int: 30    God:    Vehumet [******]
Gold:   0          SH:  0    Dex: 25    Spells: 6/38 levels left

rFire    + . .     SeeInvis +   w - staff of conjuration
rCold    + . .     Gourm    .   (no shield)
rNeg     . . .     Faith    .   M - +3 leather armour {rF+}
rPois    .         Spirit   .   (no helmet)
rElec    .         Reflect  .   (no cloak)
rCorr    +         Harm     .   (no gloves)
MR       +....     NoTele   +   J - +0 pair of boots of Beogh's Supremacy {+Inv rCorr Dex+3} (curse)
Stlth    +++.......             (no amulet)
HPRegen  0.16/turn              A - +6 ring of intelligence
MPRegen  0.22/turn              N - ring "Ewayf" {*Corrode rC+ Dex+7 SInv Stlth-}

@: slightly contaminated, hasted, very quick
A: no striking features
a: Renounce Religion, Evoke Invisibility


You were in the Dungeon.
You worshipped Vehumet.
Vehumet was exalted by your worship.
You were not hungry.

You visited 1 branch

Inventory:

Hand Weapons
 q - the +5 arbalest of the World {venom, MP+9 Int+4}
   (You found it in the Dungeon)

   It poisons the ammo it fires.
   It affects your intelligence (+4).
   It affects your magic capacity (+9).
 G - the +6 Majin-Bo {vamp, Archmagi MP+6 Int+6}
   (You found it in the Dungeon)

   It inflicts no extra harm, but heals its wielder when it wounds a living foe.
   It affects your intelligence (+6).
   It affects your magic capacity (+6).
 I - the +8 lance "Wyrmbane" {slay drac, rPois rF+ rC+ AC+3}
   (You found it in the Dungeon)

   It affects your AC (+3).
   It protects you from fire.
   It protects you from cold.
   It protects you from poison.
Armour
 a - a +0 robe
 H - the +18 shield of the Gong {rElec rN+ MR+ EV-5}
   (You found it in the Dungeon)

   It affects your evasion (-5).
   It insulates you from electricity.
   It protects you from negative energy.
   It affects your resistance to hostile enchantments.
 J - the cursed +0 pair of boots of Beogh's Supremacy (worn) {+Inv rCorr Dex+3}
   (You found it in the Dungeon)

   It affects your dexterity (+3).
   It lets you turn invisible.
   It provides partial protection from all sources of acid and corrosion.
   It has a curse placed upon it.
 M - a +3 leather armour of fire resistance (worn)
Magical Staves
 w - an uncursed staff of conjuration (weapon)
 E - an uncursed staff of energy
Jewellery
 x - an uncursed ring of flight
 y - a +6 ring of dexterity
 z - a +6 ring of dexterity
 A - a +6 ring of intelligence (left hand)
 B - a +6 ring of intelligence
 C - a +6 ring of strength
 D - a +6 ring of strength
 N - the ring "Ewayf" (right hand) {*Corrode rC+ Dex+7 SInv Stlth-}
   (You found it in the Dungeon)

   [ring of attention]

   It affects your dexterity (+7).
   It protects you from cold.
   It lets you see invisible.
   It may corrode you when you take damage.
   It makes you less stealthy.
Wands
 u - a wand of disintegration (7)
 v - a wand of iceblast (3)
Scrolls
 o - 4 scrolls of amnesia
 p - 7 scrolls of fog
 r - 5 scrolls of identify
 s - 5 scrolls of remove curse
 t - 2 scrolls of fear
 L - a scroll of holy word
Potions
 b - 2 potions of brilliance
 d - 10 potions of curing
 e - 14 potions of heal wounds
 f - 5 potions of haste
 g - 7 potions of magic
 h - 3 potions of berserk rage
 j - 2 potions of invisibility
 k - 4 potions of resistance
 l - a potion of experience
 m - 5 potions of agility
 n - 5 potions of might
Miscellaneous
 F - a crystal ball of energy
 O - a crystal ball of energy
Comestibles
 c - 7 rations
 K - 26 chunks of flesh


   Skills:
 * Level 4.8 Armour
 + Level 7.7 Dodging
 + Level 7.7 Stealth
 * Level 8.1 Shields
 * Level 14.9 Spellcasting
 * Level 10.2 Conjurations
 + Level 13.6 Fire Magic
 * Level 2.9 Earth Magic
 + Level 5.7 Evocations


You had 6 spell levels left.
You knew the following spells:

 Your Spells              Type           Power        Failure   Level  Hunger
a - Flame Tongue          Conj/Fire      #####        1%          1    None
b - Inner Flame           Hex/Fire       ######..     1%          3    None
c - Sticky Flame          Conj/Fire      #######.     1%          4    None
d - Fireball              Conj/Fire      #######...   1%          5    None
e - Magic Dart            Conj           ####         1%          1    None
f - Force Lance           Conj/Tloc      ######..     1%          4    None
g - Fulminant Prism       Conj/Hex       ######....   1%          4    None
h - Iskenderun's Mystic   Conj           #######.     1%          4    None
i - Iron Shot             Conj/Erth      #######...   10%         6    ###....

Your spell library contained the following spells:

 Spells                   Type           Power        Failure   Level  Hunger
 Stone Arrow              Conj/Erth      ######       1%          3    None
 Searing Ray              Conj           ######       1%          2    None
 Throw Flame              Conj/Fire      ######       1%          2    None
 Conjure Flame            Conj/Fire      #######.     1%          3    None
 Dazzling Spray           Conj/Hex       ######       1%          3    None
 Ignite Poison            Fire/Tmut/Pois #####...     1%          3    None
 Bolt of Magma            Conj/Fire/Erth #######...   1%          5    None
 Irradiate                Conj/Tmut      ######....   3%          5    None
 Sublimation of Blood     Necr           ###.......   4%          2    None
 Leda's Liquefaction      Hex/Erth       ####......   19%         4    None
 Petrify                  Tmut/Erth      ####....     19%         4    None
 Alistair's Intoxication  Tmut/Pois      ###.....     67%         5    None
 Statue Form              Tmut/Erth      ####.....    95%         6    ###....
 Shatter                  Erth           #####.....   100%        9    #######


Dungeon Overview and Level Annotations

Branches:
Dungeon (1/1)

Altars:
Ashenzari
Cheibriados
Dithmenos
Elyvilon
Fedhas
Gozag
Hepliaklqana
Kikubaaqudgha
Makhleb
Nemelex Xobeh
Okawaru
Qazlal
Ru
Sif Muna
Trog
Uskayaw
Vehumet
Wu Jian
Xom
Yredelemnul
Zin
The Shining One
Beogh
Jiyva
Lugonu

Annotations:
D 1 transporter


Message History

Vehumet accepts your kill.
You feel your power returning.
Your Shields skill increases to level 8!
Casting: Fireball (safe; 1% risk of failure)
Confirm with . or Enter, or press ? or * to list all spells.
Aiming: Iron Shot (slightly dangerous; 10% risk of failure)
Press: ? - help, Shift-Dir - straight line, f - deep elf mage
Aim: a deep elf mage, wielding a +0 long sword and wearing a +0 leather armour You feel a surge of power!
You miscast Iron Shot.
Your hair stands on end.
Found a transporter.
The +3 trident of protection hits you but does no damage.
The +3 trident of protection hits you from afar!
* * * LOW HITPOINT WARNING * * *
Blink to where?
Press: ? - help, Dir - move target cursor, p - deep elf mage You are lightly contaminated with residual magic.
As you read the scroll of blinking, it crumbles to dust.
The deep elf mage gestures at you while chanting.
The bolt of fire hits you! You resist.
You die...

▓..8©8...▓..8©8...▓
▓....}...▓..})[...▓
▓...)....▓....[...▓
▓...÷....▓..÷.÷...▓
▓........▓........▓
▓.▓....▓.▓.▓....▓.▓
▓...©....▓...©....▓
▓▓▓▓▓▓▓▓▓▓▓▓▓▓▓▓▓▓▓
..8©8..@▓..8©8..▓
▓..:[|....▓...)}..▓
▓...:})...▓..)))..▓
▓.....)...▓...).).▓
▓........(▓.......▓
▓....).e.§▓.......▓
▓........(▓.......▓
▓.▓....(▓.▓.▓...▓.▓
▓....©..(.▓...©...▓


You could see a deep elf mage and 3 dancing weapons.

Vanquished Creatures
  A mummy priest (D)
  2 deep elf archers (D)
  A deep elf mage (D)
  A guardian mummy (D)
  4 merfolk (D)
  4 polar bears (D)
  A hippogriff (D)
  A yak (D)
  A water moccasin (D)
  An ice beast (D)
  2 orc warriors (D)
  A centaur (D)
  A bullfrog (D)
  A quasit (D)
  An orc priest (D)
  An orc wizard (D)
  An iguana (D)
  A mummy (D)
  A shadow imp (D)
  A white imp (D)
  An ufetubus (D)
  2 orcs (D)
  A ball python (D)
  A jackal (D)
33 creatures vanquished.

Vanquished Creatures (others)
  3 spatial maelstroms (D)
3 creatures vanquished.

Grand Total: 36 creatures vanquished

Notes
Turn   | Place    | Note
-------+----------+-------------------------------------------
     0 | D        | Found the +6 Majin-Bo {vamp, Archmagi MP+6 Int+6}
     0 | D        | Found the +7 great mace "Firestarter" {inner flame, rF++}
     0 | D        | Conn the Deep Elf Fire Elementalist began the quest for the
                  | Orb.
     0 | D        | Reached XP level 1. HP: 10/10 MP: 6/6
     0 | D        | Found a deep blue altar of Sif Muna.
     0 | D        | Found a sacrificial altar of Ru.
     0 | D        | Found a bloodstained altar of Trog.
     0 | D        | Found a stormy altar of Qazlal.
     0 | D        | Found an iron altar of Okawaru.
     0 | D        | Found a sparkling altar of Nemelex Xobeh.
     0 | D        | Found a blossoming altar of Fedhas.
     2 | D        | Found a transporter.
     2 | D        | Found an ancient bone altar of Kikubaaqudgha.
     2 | D        | Found a viscous altar of Jiyva.
     2 | D        | Found a corrupted altar of Lugonu.
     2 | D        | Found a hazy altar of Hepliaklqana.
     2 | D        | Found a burning altar of Makhleb.
     2 | D        | Found an opulent altar of Gozag.
     3 | D        | Banished a spatial maelstrom
     6 | D        | Banished a spatial maelstrom
     8 | D        | Banished a spatial maelstrom
    24 | D        | Became a worshipper of Vehumet
    37 | D        | Found the +9 heavy crossbow "Sniper" {velocity, Acc+∞ SInv}
    37 | D        | Found the +15 Maxwell's patent armour {-Cast -Tele rElec
                  | MR+ rCorr}
    37 | D        | Found the +18 shield of the Gong {rElec rN+ MR+ EV-5}
    37 | D        | Found the cursed +14 obsidian axe {chop, +Fly SInv *Curse}
    39 | D        | Found the +6 shillelagh "Devastator" {shatter}
    39 | D        | Found the +11 plutonium sword {*Contam Stlth-}
    39 | D        | Found the +8 lance "Wyrmbane" {slay drac, rPois rF+ rC+
                  | AC+3}
    39 | D        | Found the +9 sword of Zonguldrok {reap}
    39 | D        | Found the cursed +13 scythe of Curses {drain, *Curse}
    39 | D        | Found the +0 sword of Power
    39 | D        | Found the +7 mace of Variability {chain chaos}
    39 | D        | Found the +7 Singing Sword {slice, sonic wave}
    39 | D        | Found the +8 storm bow {elec, penet}
    99 | D        | Entered arena 2.
    99 | D        | Noticed a water moccasin
    99 | D        | Found a transporter.
   103 | D        | Killed a water moccasin
   103 | D        | Reached skill level 6 in Spellcasting
   103 | D        | Reached XP level 2. HP: 15/15 MP: 6/11
   103 | D        | Reached XP level 3. HP: 19/19 MP: 7/13
   103 | D        | Reached XP level 4. HP: 24/24 MP: 7/14
   185 | D        | Learned a level 3 spell: Inner Flame
   190 | D        | Learned a level 4 spell: Sticky Flame
   195 | D        | Entered arena 3.
   195 | D        | Noticed a guardian mummy
   195 | D        | Noticed a mummy priest
   195 | D        | Found a transporter.
   201 | D        | Noticed an ice devil
   201 | D        | Noticed an orange demon
   201 | D        | Killed a guardian mummy
   201 | D        | Reached * piety under Vehumet
   201 | D        | Offered knowledge of Sting by Vehumet.
   201 | D        | Reached skill level 9 in Spellcasting
   201 | D        | Reached skill level 5 in Conjurations
   201 | D        | Reached XP level 5. HP: 25/28 MP: 11/18
   201 | D        | Reached XP level 6. HP: 29/32 MP: 11/20
   206 | D        | Noticed a phantasmal warrior
   206 | D        | Noticed a shadow
   206 | D        | Killed a mummy priest
   206 | D        | Reached skill level 5 in Shields
   206 | D        | Reached skill level 11 in Spellcasting
   206 | D        | Reached XP level 7. HP: 33/36 MP: 12/24
   206 | D        | Reached XP level 8. HP: 38/41 MP: 12/25
   209 | D        | Got the +5 arbalest of the World {venom, MP+9 Int+4}
   237 | D        | Learned a level 5 spell: Fireball
   290 | D        | Entered arena 4.
   290 | D        | Found a transporter.
   291 | D        | Found the +10 dark maul {crush}
   291 | D        | Reached ** piety under Vehumet
   303 | D        | Got the cursed +0 pair of boots of Beogh's Supremacy {+Inv
                  | rCorr Dex+3}
   399 | D        | Entered arena 5.
   399 | D        | Found a transporter.
   400 | D        | Offered knowledge of Magic Dart by Vehumet.
   400 | D        | Reached *** piety under Vehumet
   401 | D        | Reached skill level 12 in Spellcasting
   478 | D        | Learned a level 1 spell: Magic Dart
   479 | D        | Entered arena 6.
   479 | D        | Noticed a polar bear
   479 | D        | Noticed a polar bear
   479 | D        | Noticed a polar bear
   479 | D        | Noticed a polar bear
   479 | D        | Found a transporter.
   481 | D        | Killed a polar bear
   481 | D        | Offered knowledge of Searing Ray by Vehumet.
   481 | D        | Reached **** piety under Vehumet
   481 | D        | Reached skill level 1 in Armour
   481 | D        | Killed a polar bear
   481 | D        | Killed a polar bear
   481 | D        | Reached XP level 9. HP: 40/45 MP: 27/27
   482 | D        | Killed a polar bear
   482 | D        | Reached skill level 13 in Spellcasting
   499 | D        | Learned a level 4 spell: Force Lance
   504 | D        | Learned a level 4 spell: Fulminant Prism
   509 | D        | Learned a level 4 spell: Iskenderun's Mystic Blast
   580 | D        | Entered arena 7.
   580 | D        | Noticed a merfolk
   580 | D        | Noticed a merfolk
   580 | D        | Noticed a merfolk
   580 | D        | Noticed a merfolk
   581 | D        | Reached ***** piety under Vehumet
   582 | D        | Killed a merfolk
   582 | D        | Reached skill level 5 in Evocations
   583 | D        | Killed a merfolk
   583 | D        | Killed a merfolk
   583 | D        | Killed a merfolk
   681 | D        | Found a transporter.
   704 | D        | Got the ring "Ewayf" {*Corrode rC+ Dex+7 SInv Stlth-}
   725 | D        | Entered arena 8.
   726 | D        | Offered knowledge of Stone Arrow by Vehumet.
   726 | D        | Reached skill level 14 in Spellcasting
   726 | D        | Reached ****** piety under Vehumet
   731 | D        | Found a transporter.
   752 | D        | Learned a level 6 spell: Iron Shot
   772 | D        | Entered arena 9.
   772 | D        | Noticed a +3 trident of protection
   772 | D        | Noticed a deep elf mage
   772 | D        | Noticed a +1 flail of protection
   772 | D        | Noticed a deep elf archer
   772 | D        | Noticed a +2 mace of holy wrath
   772 | D        | Noticed a deep elf mage
   772 | D        | Noticed a deep elf archer
   774 | D        | Killed a deep elf mage
   774 | D        | Reached skill level 1 in Earth Magic
   774 | D        | Reached XP level 10. HP: 30/50 MP: 19/30
   779 | D        | Killed a deep elf archer
   779 | D        | Reached skill level 10 in Conjurations
   779 | D        | Killed a deep elf archer
   781 | D        | Found a transporter.
   784 | D        | Killed from afar by a deep elf mage

Levels and vault maps discovered:
D:        sprint_v [room_start, room_1, room_2, room_3, room_4, room_5, room_6,
          room_7, room_8, room_9, room_10, room_11, room_12, room_13, room_14,
          room_15, room_16, room_17, room_18, room_19, room_20, room_21,
          room_22, room_23, room_24, room_25, room_26, room_27]

Skill      XL: |  1  2  3  4  5  6  7  8  9 10 |
---------------+-------------------------------+-----
Dodging        | 3 4 6 7 |  7.7
Stealth        | 3 4 6 7 |  7.7
Shields        | 2 4 5 6 7 8 |  8.1
Spellcasting   | 6 9 11 12 14 | 14.9
Conjurations   | 3 5 7 8 9 10 | 10.2
Fire Magic     | 6 8 11 12 13 | 13.6
Evocations     | 2 3 4 5 |  5.7
Armour         | 2 4 |  4.8
Earth Magic    | 1 2 |  2.9

Action                   |  1- 3 |  4- 6 |  7- 9 | 10-12 || total
-------------------------+-------+-------+-------+-------++-------
 Cast: Inner Flame       |       |     1 |       |       ||     1
       Fireball          |       |       |    13 |     2 ||    15
       Sticky Flame      |       |       |     1 |       ||     1
       Flame Tongue      |       |       |     3 |       ||     3
       Force Lance       |       |       |       |     1 ||     1
Evoke: Wand              |     3 |     7 |     1 |       ||    11
  Use: Scroll            |       |     2 |       |     3 ||     5
       Potion            |       |       |       |     1 ||     1
Armor: Leather armour    |       |       |       |     2 ||     2
Block: Shield            |     2 |       |       |       ||     2

Table legend:
 A = Non-vault XP
 B = Vault XP
 C = Vault XP percentage of total XP
 D = Non-vault monster count
 E = Vault monster count
 F = Vault count percentage of total count
                 A         B        C        D         E       F
            +---------+---------+-------+---------+---------+-------
      Total |       0 |    7178 | 100.0 |       0 |      33 | 100.0
            +---------+---------+-------+---------+---------+-------
          D |       0 |    7178 | 100.0 |       0 |      33 | 100.0
            +---------+---------+-------+---------+---------+-------
